 Dungeon Crawl Stone Soup version 0.25.1-2-g60ff931df9 (webtiles) character file.

Game seed: 927839713708499091

128 solopath the Chiller (level 5, -6/35 HPs)
             Began as a Barachi Ice Elementalist on Nov 5, 2020.
             Mangled by Sigmund
             ... wielding a +0 scythe of distortion
              (11 damage)
             ... on level 3 of the Dungeon.
             The game lasted 00:03:44 (2534 turns).

solopath the Chiller (Barachi Ice Elementalist)     Turns: 2534, Time: 00:03:45

Health: -6/35      AC:  2    Str:  9    XL:     5   Next: 11%
Magic:  7/9        EV: 12    Int: 17    God:
Gold:   182        SH:  0    Dex: 12    Spells: 6/10 levels left

rFire    + . .     SeeInvis .   d - +0 dagger
rCold    . . .     Gourm    .   (no shield)
rNeg     . . .     Faith    .   a - +0 robe
rPois    .         Spirit   .   (no helmet)
rElec    .         Reflect  .   (no cloak)
rCorr    .         Harm     .   (no gloves)
MR       .....                  (no boots)
Stlth    ++........             (no amulet)
HPRegen  0.11/turn              n - ring of protection from fire
MPRegen  0.11/turn              (no ring)

@: can't hop, flying, slow
A: +LOS, swims, slowness 1, strong legs 1
a: Hop


You were on level 3 of the Dungeon.
You were not hungry.

You visited 1 branch of the dungeon, and saw 3 of its levels.

You collected 182 gold pieces.

Inventory:

Hand Weapons
 d - a +0 dagger (weapon)
 q - a +0 dagger of freezing
Missiles
 p - 15 poisoned darts (quivered)
Armour
 a - a +0 robe (worn)
Jewellery
 n - a ring of protection from fire (left hand)
Scrolls
 b - a scroll of identify {unknown}
 i - 2 scrolls of fear {unknown}
 l - a scroll of remove curse {unknown}
Potions
 f - a potion of curing
 g - a potion of stabbing {unknown}
 h - a potion of haste {unknown}
 j - a potion of might {unknown}
 k - a potion of resistance {unknown}
 o - 2 potions of heal wounds {unknown}
Comestibles
 c - 6 rations
 m - 3 chunks of flesh


   Skills:
 - Level 2.1 Dodging
 + Level 2.9 Stealth
 + Level 3.2 Spellcasting
 * Level 6.3 Ice Magic


You had 6 spell levels left.
You knew the following spells:

 Your Spells              Type           Power        Failure   Level  Hunger
a - Freeze                Ice            ###.         1%          1    None
b - Frozen Ramparts       Ice            ###...       3%          3    ###....

Your spell library contained the following spells:

 Spells                   Type           Power        Failure   Level  Hunger
 Ozocubu's Armour         Chrm/Ice       ##......     14%         3    ###....
 Hailstorm                Conj/Ice       ##......     43%         4    ####...
 Summon Ice Beast         Ice/Summ       ##......     43%         4    ####...


Dungeon Overview and Level Annotations

Branches:
Dungeon (3/15)

Altars:
Makhleb

Annotations:
D:3 Sigmund


Innate Abilities, Weirdness & Mutations

You can be seen from farther away. (+LOS)
You can swim through water.
You cover ground slowly.
You can hop short distances.


Message History

The orc barely misses you. Something hits you!
* * * LOW HITPOINT WARNING * * *
Space bends around you.
* * * LOW HITPOINT WARNING * * *
The frilled lizard closely misses you.
Hop to where?
Press: ? - help, Dir - move target cursor Boing!
It was a potion of flight.
You feel very buoyant.
You fly up into the air.
The orc priest looks braver for a moment.
It was a potion of curing.
You feel better. The orc misses you.
The orc priest mumbles some strange prayers to Beogh against you.
Beogh smites you!
* * * LOW HITPOINT WARNING * * *
There is a stone staircase leading up here.
The orc barely misses you. Something hits you!
You die...

###.##. . #.....##### ## .
#..##### #...#..... .. .
##..$#..). #.......#### ##. .
#....#.#####..........# #.# .
#....#%#........l..o.####.# .
####....#.#.........o##...oo.## .
........#.#.........#######...##.
.##.....#.#.....@o....o.....(..†.
.##(.(....#.........#######(#o(#.
.(.(......#........## #...o..
..........###.....#### #....###.
......).....÷...............## #
...........#....##########.##
.).......######.# #..
............ #... #..#
.....#######. ##### ..# #.


You could see an orc warrior, an orc priest, 2 orcs and a frilled lizard.

Vanquished Creatures
  An orc wizard (D:2)
  4 adders (D:2)
  A worm (D:2)
  2 dart slugs
  5 leopard geckos
  3 giant cockroaches
  4 goblins (D:2)
  6 hobgoblins
  12 kobolds
  A quokka (D:3)
  4 bats
  5 frilled lizards
  7 rats
55 creatures vanquished.

Notes
Turn   | Place    | Note
-------+----------+-------------------------------------------
     0 | D:1      | solopath the Barachi Ice Elementalist began the quest for
                  | the Orb.
     0 | D:1      | Reached XP level 1. HP: 13/13 MP: 3/3
   168 | D:1      | Reached skill level 5 in Ice Magic
   296 | D:1      | Reached XP level 2. HP: 19/19 MP: 3/5
  1305 | D:2      | Reached XP level 3. HP: 18/24 MP: 0/6
  1310 | D:2      | Learned a level 3 spell: Frozen Ramparts
  1874 | D:2      | Reached XP level 4. HP: 27/30 MP: 4/8
  1965 | D:2      | Reached skill level 6 in Ice Magic
  2081 | D:2      | Found a burning altar of Makhleb.
  2334 | D:3      | Noticed Sigmund
  2334 | D:3      | Noticed an orc warrior
  2339 | D:2      | Reached XP level 5. HP: 27/35 MP: 5/9
  2534 | D:3      | Mangled by Sigmund

Illustrated notes

Levels and vault maps discovered:
D:1:      erik_arrival_blinker_ship, layout_basic, hex_intersection,
          chequers_decorated_corner, minmay_misc_feat_encased,
          minmay_tetromino_s2
D:2:      layout_basic, overflow_temple_1_default, first_ration
D:3:      layout_rooms, serial_co_window_serial, co_window_of_opportunity_a,
          co_window_paths_a, co_window_corner_a, co_window_corner_a,
          co_window_paths_b, co_window_paths_b, co_window_paths_a,
          co_window_of_opportunity_c, co_window_paths_c, co_window_2corner,
          co_window_2corner, co_window_sun, co_window_4corner_b,
          glass_columns_c, glass_columns_a, uniq_sigmund

Skill      XL: |  1  2  3  4 |
---------------+-------------+-----
Ice Magic      | 5 6 |  6.3
Stealth        | 2 |  2.9
Spellcasting   | 3 |  3.2
Dodging        | |  2.1

Action                   |  1- 3 |  4- 6 || total
-------------------------+-------+-------++-------
Melee: Dagger            |    44 |    10 ||    54
Throw: Dart              |       |     1 ||     1
 Cast: Freeze            |    42 |    26 ||    68
 Abil: Hop               |       |     1 ||     1
  Use: Potion            |       |     2 ||     2
 Stab: Sleeping          |     7 |     1 ||     8
       Distracted        |       |     1 ||     1
  Eat: Chunk             |     4 |     2 ||     6
Armor: Robe              |    14 |     9 ||    23
Dodge: Dodged            |    37 |    29 ||    66
